 Dungeon Crawl Stone Soup version 0.31-a0-654-gbe3e110b4e (webtiles) character file.

Game seed: 17939996946152150310

253 holysushi the Cutter (level 6, 0/37 HPs)
             Began as a Kobold Monk on Aug 29, 2023.
             Slain by an orc wizard
             ... wielding a +0 dagger
              (3 damage)
             ... on level 4 of the Dungeon.
             The game lasted 00:03:14 (3320 turns).

holysushi the Cutter (Kobold Monk)                  Turns: 3320, Time: 00:03:14

Health: 0/37       AC:  2    Str:  9    XL:     6   Next: 37%
Magic:  6/6        EV: 18    Int: 11    God:
Gold:   165        SH:  0    Dex: 19    Spells: 5/5 levels left

rFire   . . .        d - +0 dagger (venom)
rCold   . . .        (no shield)
rNeg    . . .        b - +0 robe
rPois   .            (no helmet)
rElec   .            (no cloak)
rCorr   .            (no gloves)
SInv    .            (no boots)
Will    .....        (no amulet)
Stlth   ++           (no ring)
HPRegen 0.26/turn    (no ring)
MPRegen 0.10/turn

%: no passive effects
@: confused
A: small, no large weapons, nightstalker 3
a: no special abilities


You were on level 4 of the Dungeon.
You visited 1 branch of the dungeon, and saw 4 of its levels.

You collected 165 gold pieces.

Inventory:

Hand Weapons
 a - a +0 short sword
 d - a +0 dagger of venom (weapon)
 l - a +0 rapier
Armour
 b - a +0 robe (worn)
Scrolls
 c - a scroll of acquirement {unknown}
 e - a scroll of summoning
Potions
 g - a potion of heal wounds {unknown}
 h - a potion of mutation {unknown}
 j - a potion of magic {unknown}
 m - a potion of haste {unknown}
 o - a potion of curing {unknown}


   Skills:
 - Level 3.2 Fighting
 + Level 6.8 Short Blades
 + Level 6.2 Dodging


You had 5 spell levels left.
You didn't know any spells.
Your spell library contained the following spells:

 Spells                   Type           Power      Damage    Failure   Level
 Magic Dart               Conj           0%         1d3       34%         1
 Summon Small Mammal      Summ           0%         N/A       34%         1
 Searing Ray              Conj           0%         2d4       47%         2
 Ozocubu's Armour         Ice            0%         N/A       71%         3
 Airstrike                Air            0%         2d(0-16)  98%         4
 Fulminant Prism          Conj/Hex       0%         3d5       98%         4
 Metabolic Englaciation   Hex/Ice        0%         N/A       100%        5
 Simulacrum               Ice/Necr       0%         N/A       100%        6
 Malign Gateway           Summ/Tloc      0%         N/A       100%        7


Dungeon Overview and Level Annotations

Branches:
Dungeon (4/15) Zot: 20736
 Temple: D:4-7

Altars:

Annotations:
D:3 4 runed translucent doors, Crazy Yiuf


Innate Abilities, Weirdness & Mutations

You are small and have problems with some larger weapons.
You are completely attuned to the shadows.


Message History

The orc completely misses you.
You kill the orc!
Something closely misses you. Something closely misses you. Something hits you.
You miss something. Something hits you but does no damage. Something hits you.
You hit the orc priest but do no damage.
The orc priest is poisoned.
The orc priest closely misses you.
You hit the orc priest but do no damage.
The orc priest looks as sick as possible!
Something hits you. The orc hits you with a +0 club.
The orc priest barely misses you.
You hit the orc priest.
The orc priest looks as sick as possible!
The orc priest is moderately wounded.
You hear some strange, mumbled words.
You are confused.
You miss something. The orc barely misses you.
The orc priest invokes the aid of Beogh against you.
You barely resist. Something hits you. The orc barely misses you.
The orc priest hits you with a +0 mace!
You hit the orc priest.
The orc priest looks as sick as possible!
The orc priest is almost dead.
You hear some strange, mumbled words.
A magic dart appears from out of thin air!
The magic dart hits you.
* * * LOW HITPOINT WARNING * * *
The orc hits you with a +0 club.
* * * LOW HITPOINT WARNING * * *
You hit the orc priest but do no damage.
The orc priest looks as sick as possible!
The orc priest is almost dead.
The orc priest calls down the wrath of Beogh upon you.
Pain shoots through your body!
* * * LOW HITPOINT WARNING * * *
Something hits you.
You die...

.##.##...#.#.#
.##.#......#.#....
.##.#.###..#.#.....
.##.#.#...<#.#.......
.##.#.#....#..........
.##.#......#..........
.##.#.#....#.....)....
.##.########.#.{o.....
............>...@o#####
###..........####.#....
###############......
.....)..... ..#.....##.
#......$ #.....##
###...#


You could see an orc priest (extremely poisoned) and an orc.

Vanquished Creatures
  A scorpion (D:3)
  2 orc priests (D:3)
  5 adders
  2 worms
  A dart slug (D:3)
  4 orcs
  4 ball pythons
  7 bats
  6 endoplasms
  A giant cockroach (D:1)
  7 goblins
  8 hobgoblins
  4 jackals (D:3)
  11 kobolds
  5 quokkas
  2 frilled lizards
  10 rats
80 creatures vanquished.

Notes
Turn   | Place    | Note
-------+----------+-------------------------------------------
     0 | D:1      | holysushi the Kobold Monk began the quest for the Orb.
     0 | D:1      | Reached XP level 1. HP: 14/14 MP: 1/1
   147 | D:1      | Reached XP level 2. HP: 19/19 MP: 2/2
   670 | D:1      | Got the Grimoire of the Gathered Birds
   689 | D:1      | Reached XP level 3. HP: 19/22 MP: 3/3
  1286 | D:2      | Reached skill level 5 in Short Blades
  1360 | D:2      | Reached XP level 4. HP: 28/28 MP: 4/4
  1375 | D:2      | Reached skill level 5 in Dodging
  2072 | D:2      | Reached XP level 5. HP: 27/32 MP: 5/5
  2186 | D:3      | Found a runed translucent gate.
  2187 | D:3      | Found a runed translucent gate.
  2188 | D:3      | Found a runed translucent gate.
  2228 | D:3      | Reached XP level 6. HP: 37/37 MP: 6/6
  2770 | D:3      | Found a runed translucent door.
  2773 | D:3      | Noticed Crazy Yiuf
  3320 | D:4      | Slain by an orc wizard

Illustrated notes

Levels and vault maps discovered:
D:1:      lightli_arrival_noodles, layout_basic, nrook_mini_backslash,
          corexii_leaking_fountain
D:2:      layout_loops_ring, serial_bayou, serial_bayou_pond_e,
          serial_bayou_pond_b, serial_bayou_pond_a, serial_bayou_crossing
D:3:      layout_loops_ring, serial_glass, glass_columns_b, glass_columns_a,
          gammafunk_ghost_cemetery, corexii_item_surrounded_by_moat,
          feat_on_display, uniq_crazy_yiuf_cottage
D:4:      layout_basic, minmay_misc_feat_rows

Skill      XL: |  1  2  3  4  5  6 |
---------------+-------------------+-----
Dodging        | 4 5 6 |  6.2
Short Blades   | 5 6 |  6.8
Fighting       | |  3.2

Action                     |  1- 3 |  4- 6 || total
---------------------------+-------+-------++-------
  Melee: Short sword       |    31 |       ||    31
         Dagger            |    72 |   145 ||   217
         Punch             |     1 |       ||     1
    Use: Potion            |     1 |       ||     1
         Scroll            |       |     5 ||     5
   Stab: Sleeping          |    11 |    14 ||    25
 Armour: Robe              |     9 |     7 ||    16
  Dodge: Dodged            |    59 |    79 ||   138

Table legend: (Time is in decaauts)
 A = Elapsed time spent in this place.
 B = Non-inter-level travel time spent in this place.
 C = Inter-level travel time spent in this place.
 D = Time resting spent in this place.
 E = Time spent auto-exploring this place.
 F = Levels seen in this place.
 G = Mean time per level.
                   A        B        C        D        E       F      G
               +--------+--------+--------+--------+--------+-----+--------+
         Total |   3263 |   3116 |    147 |    264 |   2301 |   4 |  815.8 |
       Dungeon |   3263 |   3116 |    147 |    264 |   2301 |   4 |  815.8 |
               +--------+--------+--------+--------+--------+-----+--------+

Top non-repeatable levels by time:
     D:1: 1171 daAuts
     D:3: 960 daAuts
     D:2: 959 daAuts
     D:4: 171 daAuts
